 Dungeon Crawl Stone Soup version 0.28-a0-1080-g05a166d0ed (webtiles) character file.

Game seed: 16619086895448156040

20538 Armakuni the Destroyer (level 13, -5/88 HPs)
             Began as a Human Conjurer on Dec 6, 2021.
             Was a Priest of Vehumet.
             Slain by a skeletal warrior (10 damage)
             ... led by a skeletal warrior
             ... on level 12 of the Dungeon on Dec 9, 2021.
             The game lasted 00:57:14 (19029 turns).

Armakuni the Destroyer (Human Conjurer)            Turns: 19029, Time: 00:57:14

Health: -5/88      AC:  9    Str: 12    XL:     13   Next: 13%
Magic:  23/36      EV: 16    Int: 20    God:    Vehumet [***...]
Gold:   592        SH:  9    Dex: 11    Spells: 13/32 levels left

rFire   . . .      SeeInvis .   a - +1 mace (drain)
rCold   . . .      Faith    .   i - +0 buckler
rNeg    . . .      Spirit   .   f - +0 acid dragon scales
rPois   .          Reflect  +   (no helmet)
rElec   .          Harm     .   q - +0 cloak
rCorr   +          Rampage  .   (no gloves)
Will    .....                   g - +0 pair of boots
Stlth   +.........              H - amulet of reflection
HPRegen 0.24/turn               P - ring of magical power
MPRegen 0.25/turn               E - +4 ring of evasion

@: no status effects
A: no striking features
a: Renounce Religion


You were on level 12 of the Dungeon.
You worshipped Vehumet.
Vehumet was most pleased with you.
You visited 2 branches of the dungeon, and saw 13 of its levels.

You collected 592 gold pieces.

Inventory:

Hand Weapons
 a - a +1 mace of draining (weapon)
Missiles
 w - 3 throwing nets
Armour
 f - +0 acid dragon scales (worn)
 g - a +0 pair of boots (worn)
 i - a +0 buckler (worn)
 n - a +1 ring mail
 q - a +0 cloak (worn)
 s - a +2 robe of willpower
 t - +0 fire dragon scales
Magical Staves
 r - a staff of air
Jewellery
 E - a +4 ring of evasion (right hand)
 H - an amulet of reflection (around neck)
 K - a ring of resist corrosion
 L - a ring of flight
 P - a ring of magical power (left hand)
Wands
 c - a wand of charming (3)
 p - a wand of polymorph (9)
 v - a wand of flame (7)
 x - a wand of digging (6)
 z - a wand of paralysis (5)
Scrolls
 b - 6 scrolls of identify
 d - a scroll of summoning
 e - 4 scrolls of amnesia
 j - a scroll of blinking
 o - 2 scrolls of noise
 y - a scroll of fog
 C - a scroll of vulnerability
 G - 3 scrolls of enchant weapon
 I - a scroll of teleportation
Potions
 h - 2 potions of mutation
 k - 2 potions of curing
 l - 2 potions of might
 m - a potion of haste
 u - 2 potions of magic
 A - a potion of brilliance
 B - a potion of heal wounds
 F - a potion of cancellation
Miscellaneous
 D - a lightning rod (inert)


   Skills:
 - Level 4.2 Fighting
 - Level 4.2 Staves
 - Level 4.2 Armour
 - Level 4.8 Dodging
 - Level 2.0 Stealth
 - Level 4.0 Shields
 - Level 10.0 Spellcasting
 - Level 10.0 Conjurations
 - Level 4.0 Translocations
 + Level 8.6 Fire Magic
 - Level 6.0 Earth Magic
 - Level 5.0 Evocations


You had 13 spell levels left.
You knew the following spells:

 Your Spells              Type           Power      Damage    Failure   Level
a - Stone Arrow           Conj/Erth      84%        3d12      1%          3
f - Sticky Flame          Conj/Fire      47%        2d6       1%          4
m - Iskenderun's Mystic   Conj/Tloc      38%        2d9       1%          4
s - Scorch                Fire           88%        2d9       1%          2
w - Flame Wave            Conj/Fire      47%        2d8       1%          4
z - Searing Ray           Conj           100%       2d8       1%          2

Your spell library contained the following spells:

 Spells                   Type           Power      Damage    Failure   Level
 Inner Flame              Hex/Fire       27%        N/A       1%          3
 Magic Dart               Conj           100%       1d8       1%          1
 Static Discharge         Conj/Air       30%        N/A       1%          2
 Dazzling Flash           Conj/Hex       60%        N/A       1%          3
 Freeze                   Ice            40%        1d6       2%          1
 Fulminant Prism          Conj/Hex       15%        3d11      3%          4
 Lightning Bolt           Conj/Air       15%        1d29      10%         5
 Airstrike                Air            5%         N/A       24%         4
 Dispel Undead            Necr           10%        3d9       69%         4
 Summon Lightning Spire   Summ/Air       10%        N/A       69%         4
 Summon Cactus Giant      Summ           5%         N/A       100%        6


Dungeon Overview and Level Annotations

Branches:
Dungeon (12/15)            Temple (1/1) D:5             Orc (0/2) D:9
   Lair: D:8-11

Altars:
Ashenzari
Cheibriados
Dithmenos
Elyvilon
Fedhas
Gozag
Hepliaklqana
Kikubaaqudgha
Makhleb
Nemelex Xobeh
Okawaru
Qazlal
Ru
Sif Muna
Trog
Uskayaw
Vehumet
Wu Jian
Xom
Yredelemnul
Zin
The Shining One

Shops:
D:5 (

Annotations:
D:4 exclusion: door, Grinder
D:8 3 runed translucent doors, Yorgos's ghost, novice TeFi


Message History

The skeletal warrior is lightly damaged.
Aiming: Thunderbolt
Press: ? - help, Shift-Dir - straight line, f - gnoll, p - skeletal warrior
Aim: a gnoll, wielding a +0 halberd The thunderbolt hits the skeletal warrior!
The skeletal warrior is moderately damaged.
The thunderbolt hits the gnoll!
You kill the gnoll!
Vehumet accepts your kill.
You feel your power returning.
The thunderbolt hits the gnoll!
You kill the gnoll!
Vehumet accepts your kill.
The lightning rod overheats!
Okay, then.
Unknown command.
Casting: Iskenderun's Mystic Blast (dangerous; 1% risk of failure)
Confirm with . or Enter, or press ? or * to list all spells.
You can't see any susceptible monsters within range! (Use Z to cast anyway.)
Casting: Iskenderun's Mystic Blast (dangerous; 1% risk of failure)
Confirm with . or Enter, or press ? or * to list all spells.
Aiming: Stone Arrow (safe; 1% risk of failure)
Press: ? - help, Shift-Dir - straight line, f - skeletal warrior
Aim: a skeletal warrior, wielding a +0 halberd (moderately damaged, 76% to hit)
The stone arrow hits the skeletal warrior!
The skeletal warrior is heavily damaged.
Casting: Stone Arrow (safe; 1% risk of failure)
Confirm with . or Enter, or press ? or * to list all spells.
You erupt in a blast of force!
The mystic blast hits the skeletal warrior but does no damage.
The skeletal warrior is heavily damaged.
The skeletal warrior hits you from afar with a +0 halberd!
Casting: Iskenderun's Mystic Blast (dangerous; 1% risk of failure)
Confirm with . or Enter, or press ? or * to list all spells.
You erupt in a blast of force!
The mystic blast hits the skeletal warrior but does no damage.
The skeletal warrior is heavily damaged.
The skeletal warrior hits you from afar with a +0 halberd!!
* * * LOW HITPOINT WARNING * * *
The skeletal warrior hits you from afar with a +0 halberd!
You die...

#### ##..####
#########......##
.##.#..####....<####
^#.....# #........#
.......# ##.......#
.....########.z.@.##
....## ##.#.#......#
....# #..........##
...## #....))....#
....# #...........#
...#######.........#
.....##............#
.....##.........#.##
................###


You could see a skeletal warrior.

Vanquished Creatures
  Harold (D:8)
  4 two-headed ogres
  2 skeletal warriors
  3 deep elf pyromancers
  Pikel (D:8)
  A lindwurm (D:9)
  3 ugly things
  2 cyclopes
  2 gargoyles
  An unseen horror (D:10)
  Maggie (D:6)
  A freezing wraith (D:12)
  2 hornets
  3 shadows
  A wraith (D:10)
  2 vampires
  A wyvern (D:9)
  21 yaks
  4 fire bats (D:10)
  2 basilisks
  Eustachio (D:6)
  A steam dragon (D:8)
  2 vampire mosquitoes (D:11)
  Menkaure (D:6)
  5 acid dragons
  A hell hound (D:10)
  A water moccasin (D:7)
  Duvessa (D:4)
  An orc warrior (D:8)
  3 sky beasts
  2 necrophages (D:6)
  2 ogres
  6 centaurs
  3 phantoms
  2 lemures (D:8)
  2 kobold brigands (D:8)
  A bullfrog (D:7)
  A gnoll sergeant (D:5)
  3 scorpions
  A wyvern skeleton (D:7)
  Dowan (D:4)
  11 howler monkeys
  2 lava snakes (D:10)
  6 centaur zombies
  A bullfrog zombie (D:5)
  2 jellies
  A centaur skeleton (D:6)
  A gnoll shaman (D:4)
  7 orc priests
  2 bullfrog skeletons (D:6)
  3 iguanas
  An iron imp (D:7)
  A scorpion zombie (D:5)
  8 orc wizards
  3 hound skeletons (D:4)
  11 gnolls
  12 adders
  A howler monkey skeleton (D:7)
  13 white imps
  3 ufetubi
  A worm (D:3)
  4 dart slugs
  27 orcs
  5 ball pythons
  7 bats
  13 endoplasms
  16 giant cockroaches
  7 goblins
  11 hobgoblins
  12 kobolds
  3 quokkas
  A frilled lizard (D:1)
  2 rats
297 creatures vanquished.

Vanquished Creatures (others)
  A kobold (D:8)
  A fire vortex (D:10)
  2 fungi (D:2)
4 creatures vanquished.

Grand Total: 301 creatures vanquished

Notes
Turn   | Place    | Note
-------+----------+-------------------------------------------
     0 | D:1      | Armakuni the Human Conjurer began the quest for the Orb.
     0 | D:1      | Reached XP level 1. HP: 13/13 MP: 3/3
   305 | D:1      | Reached XP level 2. HP: 19/19 MP: 1/5
   353 | D:1      | Learned a level 2 spell: Searing Ray
   706 | D:1      | Reached XP level 3. HP: 24/24 MP: 6/6
   858 | D:1      | Reached skill level 5 in Conjurations
  1098 | D:2      | Found a faded altar of an unknown god.
  1123 | D:2      | Got Plato's Reference Book on the Glacier
  1428 | D:2      | You fall into a shaft and drop 2 floors!
  1439 | D:4      | Reached XP level 4. HP: 30/30 MP: 7/7
  1816 | D:2      | Reached XP level 5. HP: 32/35 MP: 8/8
  2214 | D:2      | Learned a level 4 spell: Flame Wave
  2633 | D:3      | Noticed a phantom
  2645 | D:3      | Killed a phantom
  2646 | D:3      | Reached XP level 6. HP: 31/41 MP: 3/9
  2814 | D:3      | Found a glowing silver altar of Zin.
  2814 | D:3      | Noticed an angel
  3733 | D:4      | Reached XP level 7. HP: 21/46 MP: 1/10
  3875 | D:4      | Learned a level 4 spell: Iskenderun's Mystic Blast
  4009 | D:4      | Found a broken altar of Ashenzari.
  4010 | D:4      | Noticed Dowan
  4025 | D:4      | Found a hazy altar of Hepliaklqana.
  4027 | D:4      | Noticed Duvessa
  4053 | D:4      | Killed Duvessa
  4055 | D:4      | Killed Dowan
  4325 | D:4      | Found a glowing golden altar of the Shining One.
  4390 | D:4      | Noticed Grinder
  4475 | D:4      | Reached XP level 8. HP: 52/52 MP: 11/11
  4632 | D:5      | Entered Level 5 of the Dungeon
  4836 | D:5      | Found a staircase to the Ecumenical Temple.
  4847 | D:5      | Reached skill level 10 in Conjurations
  4924 | Temple   | Entered the Ecumenical Temple
  4945 | Temple   | Became a worshipper of Vehumet
  5497 | D:5      | Found a shimmering blue altar of Sif Muna.
  5590 | D:5      | Found Pumaset's Weapon Shop.
  6194 | D:6      | Reached skill level 5 in Spellcasting
  6194 | D:6      | Reached XP level 9. HP: 49/57 MP: 17/17
  6281 | D:6      | Noticed Maggie
  6333 | D:6      | Noticed Menkaure
  6339 | D:6      | Killed Menkaure
  6582 | D:6      | Noticed a manticore
  6811 | D:7      | Noticed a brown ugly thing
  6824 | D:6      | Reached skill level 1 in Shields
  6829 | D:6      | Reached * piety under Vehumet
  6829 | D:6      | Offered knowledge of Sandblast by Vehumet.
  7189 | D:6      | Killed Maggie
  7296 | D:6      | Noticed Eustachio
  7308 | D:6      | Killed Eustachio
  7595 | D:7      | Noticed a +0 hand axe
  7608 | D:7      | Reached XP level 10. HP: 14/63 MP: 16/22
  7837 | D:7      | Killed a brown ugly thing
  8024 | D:7      | Noticed a +0 hand axe
  8143 | D:7      | Found a hide-covered altar of Uskayaw.
  8260 | D:7      | Found a snail-covered altar of Cheibriados.
  8573 | D:8      | Found a runed translucent gate.
  8573 | D:8      | Found a runed translucent gate.
  8622 | D:8      | Found a runed translucent gate.
  8623 | D:8      | Noticed Yorgos's ghost (novice TeFi)
  8625 | D:8      | Noticed a skeletal warrior
  8633 | D:8      | Noticed Harold
  8654 | D:8      | Killed Harold
  8655 | D:8      | Reached skill level 10 in Spellcasting
  8655 | D:8      | Reached skill level 1 in Translocations
  8655 | D:8      | Reached skill level 1 in Fire Magic
  8803 | D:8      | Noticed Pikel
  8814 | D:8      | Killed Pikel
  8860 | D:8      | Noticed a harpy
  8979 | D:8      | Noticed a salamander
  9591 | D:8      | Noticed a boulder beetle
  9627 | D:8      | Noticed a dire elephant
  9638 | D:8      | Noticed an emperor scorpion
  9638 | D:8      | a dire elephant changed into an emperor scorpion
  9719 | D:8      | Reached ** piety under Vehumet
  9719 | D:8      | Offered knowledge of Poisonous Vapours by Vehumet.
 10163 | D:8      | Noticed a swamp dragon
 10231 | D:9      | Noticed a deep elf pyromancer
 10247 | D:9      | Killed a deep elf pyromancer
 10248 | D:9      | Reached skill level 1 in Evocations
 10248 | D:9      | Reached XP level 11. HP: 68/68 MP: 16/25
 10248 | D:9      | Noticed a deep elf pyromancer
 10259 | D:9      | Killed a deep elf pyromancer
 10296 | D:9      | Identified the +7 spear "Loicueno" {venom, Fragile Int+7
                  | SInv}
 10296 | D:9      | Noticed an orc sorcerer
 10541 | D:9      | Noticed Joseph
 10874 | D:9      | Paralysed by Joseph for 7 turns
 11348 | D:9      | Noticed a fire crab
 11352 | D:9      | Noticed a lindwurm
 11352 | D:9      | a fire crab changed into a lindwurm
 11684 | D:9      | Noticed Joseph
 11684 | D:9      | Joseph changed into Joseph the centaur
 11690 | D:9      | Reached skill level 5 in Evocations
 11792 | D:9      | Paralysed by Joseph for 5 turns
 11939 | D:9      | Killed Joseph the centaur
 11947 | D:9      | Noticed a boulder beetle
 12161 | D:9      | Reached skill level 1 in Fighting
 12161 | D:9      | Reached skill level 1 in Staves
 12161 | D:9      | Reached skill level 1 in Armour
 12251 | D:9      | Noticed a purple ugly thing
 12272 | D:9      | Killed a purple ugly thing
 12457 | D:9      | Found a staircase to the Orcish Mines.
 12467 | D:9      | Noticed a two-headed ogre
 12478 | D:9      | Killed a two-headed ogre
 12632 | D:9      | Noticed a two-headed ogre
 13041 | D:9      | Killed a two-headed ogre
 13175 | D:9      | Upgraded the game from 0.28-a0-1002-gf00fe891ef to
                  | 0.28-a0-1033-g1a2f33fa85
 13586 | D:9      | Killed a lindwurm
 13767 | D:10     | Entered Level 10 of the Dungeon
 13787 | D:10     | Noticed a two-headed ogre
 13797 | D:10     | Killed a two-headed ogre
 13988 | D:10     | Reached XP level 12. HP: 56/81 MP: 21/26
 14795 | D:10     | Offered knowledge of Stone Arrow by Vehumet.
 14805 | D:10     | Learned a level 3 spell: Stone Arrow
 14910 | D:10     | Reached skill level 1 in Earth Magic
 15903 | D:11     | Reached *** piety under Vehumet
 15908 | D:11     | Reached skill level 5 in Earth Magic
 15909 | D:11     | HP: 4/83 [yak (11)]
 16383 | D:11     | Learned a level 4 spell: Sticky Flame
 16386 | D:11     | Learned a level 2 spell: Scorch
 16780 | D:11     | Noticed a two-headed ogre
 16788 | D:11     | Killed a two-headed ogre
 16789 | D:11     | Reached skill level 5 in Fire Magic
 17028 | D:11     | Offered knowledge of Inner Flame by Vehumet.
 18026 | D:12     | Upgraded the game from 0.28-a0-1033-g1a2f33fa85 to
                  | 0.28-a0-1080-g05a166d0ed
 18038 | D:12     | Reached XP level 13. HP: 82/88 MP: 22/27
 19029 | D:12     | Slain by a skeletal warrior

Illustrated notes

Levels and vault maps discovered:
D:1:      matt_arrival_diagonals, layout_rooms, serial_bayou_ford_a,
          minmay_misc_feat_doors
D:2:      minmay_roachtagon, layout_basic, shapermc_ecumenical_altar_rom_forum,
          chequers_serial_rivers_micro_c
D:3:      layout_loops_ring, zin_angel, serial_bayou_pond_b
D:4:      layout_basic, amcnicky_altar_gilded,
          chequers_temple_overflow_statue_of_worship, uniq_duvessa, uniq_grinder
D:5:      layout_cave_pools, kennysheep_orc_sif_temple,
          minmay_temple_entry_mini_moons, serial_shops,
          nicolae_shop_bloodbath_and_beyond, portal_sewer_entry_d,
          chequers_big_river, minmay_misc_feat_encased
D:6:      layout_rooms, st_stairs_1, uniq_eustachio, uniq_maggie, uniq_menkaure
D:7:      layout_rooms, slow_altar_2, dancing_weapons_uskayaw,
          skrybe_limestone_x, serial_bayou_pond_e, minmay_misc_feat_rows
D:8:      layout_basic, gammafunk_ghost_split, uniq_pikel, uniq_harold
D:9:      minmay_the_grid_net [minmay_the_grid_tri_star, minmay_the_grid_rooms,
          minmay_the_grid_fan, minmay_the_grid_plusring,
          minmay_the_grid_stretched_grid, minmay_the_grid_prize_diamond_cup],
          layout_irregular_city, dpeg_oklobed_lair, minmay_misc_feat_hallway,
          uniq_joseph
D:10:     layout_basic, hangedman_incinerator
D:11:     layout_cave_pools, portal_ice_cave_entry_imps
D:12:     layout_cave_pools, grunt_ministairs_13
Temple:   eino_wide_crystal_templ

Skill      XL: |  1  2  3  4  5  6  7  8  9 10 11 12 13 |
---------------+----------------------------------------+-----
Conjurations   | 5 7 9 10 | 10.0
Spellcasting   | 5 8 10 | 10.0
Shields        | 3 4 |  4.0
Translocations | 4 |  4.0
Fire Magic     | 4 7 8 |  8.6
Evocations     | 1 5 |  5.0
Fighting       | 3 4 |  4.2
Staves         | 3 4 |  4.2
Armour         | 3 4 |  4.2
Dodging        | 4 |  4.8
Earth Magic    | 6 |  6.0
Stealth        | |  2.0

Action                   |  1- 3 |  4- 6 |  7- 9 | 10-12 | 13-15 || total
-------------------------+-------+-------+-------+-------+-------++-------
Melee: Unarmed           |    15 |       |       |       |       ||    15
       Whip              |     2 |       |       |       |       ||     2
       Short sword       |       |     5 |     3 |       |       ||     8
       Mace              |       |       |     1 |    60 |     3 ||    64
 Cast: Magic Dart        |    12 |       |       |       |       ||    12
       Searing Ray       |    24 |    52 |    77 |    75 |       ||   228
       Iskenderun's Myst |       |       |     2 |    89 |     9 ||   100
       Flame Wave        |       |       |       |    36 |       ||    36
       Stone Arrow       |       |       |       |    19 |     1 ||    20
       Scorch            |       |       |       |     6 |     9 ||    15
       Sticky Flame      |       |       |       |     2 |     8 ||    10
Evoke: Wand              |       |       |       |    35 |       ||    35
       Lightning rod     |       |       |       |     5 |     2 ||     7
  Use: Scroll            |     2 |     4 |     5 |    12 |       ||    23
       Potion            |       |       |     7 |     4 |       ||    11
 Stab: Sleeping          |       |       |       |     1 |       ||     1
Armor: Robe              |     7 |     6 |    20 |       |       ||    33
       Acid dragon scale |       |       |     6 |   103 |       ||   109
Dodge: Dodged            |    17 |    28 |    88 |   235 |     9 ||   377
Block: Buckler           |       |       |     1 |    61 |     2 ||    64

Table legend: (Time is in decaauts)
 A = Elapsed time spent in this place.
 B = Non-inter-level travel time spent in this place.
 C = Inter-level travel time spent in this place.
 D = Time resting spent in this place.
 E = Time spent auto-exploring this place.
 F = Levels seen in this place.
 G = Mean time per level.
                   A        B        C        D        E       F      G
               +--------+--------+--------+--------+--------+-----+--------+
         Total |  19094 |  18596 |    498 |   8387 |   6654 |  13 | 1468.8 |
       Dungeon |  19043 |  18553 |    490 |   8387 |   6628 |  12 | 1586.9 |
        Temple |     51 |     43 |      8 |      0 |     26 |   1 |   51.0 |
               +--------+--------+--------+--------+--------+-----+--------+

Top non-repeatable levels by time:
     D:8: 4286 daAuts
    D:11: 2456 daAuts
    D:10: 2151 daAuts
     D:4: 1464 daAuts
     D:5: 1439 daAuts
     D:2: 1381 daAuts
     D:9: 1282 daAuts
     D:7: 1070 daAuts
     D:6: 1038 daAuts
     D:3: 1015 daAuts
     D:1: 981 daAuts
    D:12: 475 daAuts
  Temple: 51 daAuts
